 Dungeon Crawl Stone Soup version 0.26.1-2-gb8aa6d0cf2 (webtiles) character file.

Game seed: 14244424068580407619

64 Descartes the Firebug (level 3, -6/20 HPs)
             Began as a Deep Elf Wanderer on Mar 6, 2021.
             Mangled by a gnoll
             ... wielding a +0 spear
              (8 damage)
             ... on level 3 of the Dungeon.
             The game lasted 00:05:12 (2761 turns).

Descartes the Firebug (Deep Elf Wanderer)           Turns: 2761, Time: 00:05:12

Health: -6/20      AC:  2    Str: 10    XL:     3   Next: 91%
Magic:  5/9        EV:  6    Int: 17    God:
Gold:   151        SH:  0    Dex: 13    Spells: 6/8 levels left

rFire    . . .     SeeInvis .   a - +0 spear
rCold    . . .     Faith    .   (no shield)
rNeg     . . .     Spirit   .   d - +0 robe
rPois    .         Reflect  .   (no helmet)
rElec    .         Harm     .   (no cloak)
rCorr    .         Rampage  .   (no gloves)
Will     .....                  (no boots)
Stlth    ++........             (no amulet)
HPRegen  0.06/turn              (no ring)
MPRegen  0.11/turn              (no ring)

@: held
A: no striking features
a: no special abilities


You were on level 3 of the Dungeon.
You visited 1 branch of the dungeon, and saw 3 of its levels.

You collected 151 gold pieces.

Inventory:

Hand Weapons
 a - a +0 spear (weapon)
 e - a +0 dagger
 n - a +0 hunting sling
Missiles
 f - 74 arrows
 h - 72 stones (quivered)
 i - 37 sling bullets
 j - 59 bolts
Armour
 d - a +0 robe (worn)
Scrolls
 b - 2 scrolls of remove curse {unknown}
 c - a scroll of teleportation {unknown}
 g - a scroll of amnesia {unknown}
 k - 4 scrolls of identify {unknown}
 l - a scroll of fog {unknown}
Potions
 m - a potion of curing {unknown}
 o - a potion of might {unknown}


   Skills:
 - Level 1.0 Fighting
 - Level 1.3 Polearms
 - Level 1.2 Dodging
 - Level 2.4 Stealth
 + Level 3.2 Spellcasting
 + Level 2.1 Conjurations
 + Level 3.2 Fire Magic
 - Level 1.1 Evocations


You had 6 spell levels left.
You knew the following spells:

 Your Spells              Type           Power        Failure   Level
a - Foxfire               Conj/Fire      44%          6%          1
b - Magic Dart            Conj           36%          7%          1

Your spell library contained the following spells:

 Spells                   Type           Power        Failure   Level
 Conjure Flame            Conj/Fire      11%          17%         3
 Inner Flame              Hex/Fire       8%           26%         3
 Stone Arrow              Conj/Erth      12%          32%         3
 Sticky Flame             Conj/Fire      11%          50%         4
 Fireball                 Conj/Fire      5%           85%         5


Dungeon Overview and Level Annotations

Branches:
Dungeon (3/15)

Altars:
Zin


Message History

You conjure some foxfire!
Casting: Foxfire (safe; 6% risk of failure)
Confirm with . or Enter, or press ? or * to list all spells.
Nothing appears to happen.
The foxfire hits the gnoll.
The gnoll is moderately wounded.
The foxfire hits the gnoll.
The gnoll is severely wounded.
The foxfire hits the gnoll but does no damage.
The gnoll is severely wounded.
The foxfire hits the gnoll.
The gnoll is heavily wounded.
The gnoll hits you from afar with a +0 spear.
Unknown command.
You tear a large gash into the net.
The foxfire hits the gnoll.
The gnoll is severely wounded.
The gnoll hits you from afar with a +0 halberd!
Ouch! That really hurt!
* * * LOW HITPOINT WARNING * * *
The gnoll hits you from afar with a +0 spear!
You die...

# # #.#. #.
..... .. ...##
.# ... g.###
.#####§##g.....
......§@.gg#
##.....§#..#
#..###..§ .# .
#.##. .. #. .#
#. .. . . .. ..
... ..


You could see 4 gnolls.

Vanquished Creatures
  2 adders (D:2)
  2 worms (D:2)
  2 dart slugs
  2 leopard geckos (D:2)
  4 bats
  3 giant cockroaches
  6 goblins
  2 hobgoblins
  5 kobolds (D:1)
  A quokka (D:2)
  A ball python (D:2)
  5 rats
35 creatures vanquished.

Vanquished Creatures (collateral kills)
  A foxfire (D:1)
1 creature vanquished.

Vanquished Creatures (others)
  189 foxfires
189 creatures vanquished.

Grand Total: 225 creatures vanquished

Notes
Turn   | Place    | Note
-------+----------+-------------------------------------------
     0 | D:1      | Descartes the Deep Elf Wanderer began the quest for the
                  | Orb.
     0 | D:1      | Descartes set off with the following items: a +0 spear, a
                  | +0 robe, a +0 dagger; and the following spells available to
                  | memorise: Foxfire, Magic Dart, Conjure Flame, Inner Flame,
                  | Stone Arrow, Sticky Flame, Fireball
     0 | D:1      | Reached XP level 1. HP: 12/12 MP: 5/5
     2 | D:1      | Learned a level 1 spell: Foxfire
     4 | D:1      | Learned a level 1 spell: Magic Dart
   198 | D:1      | Reached XP level 2. HP: 13/16 MP: 0/7
   303 | D:1      | Reached skill level 1 in Conjurations
  1053 | D:2      | Reached XP level 3. HP: 20/20 MP: 5/8
  2571 | D:2      | Found a glowing silver altar of Zin.
  2761 | D:3      | Mangled by a gnoll

Illustrated notes

Levels and vault maps discovered:
D:1:      dpeg_arrival_snail, layout_rooms
D:2:      layout_loops_ring, marbit_many_paths, minmay_misc_feat_cross,
          minmay_misc_feat_iff
D:3:      layout_rooms, gammafunk_temple_overflow_statue,
          chequers_ecumenical_altar_simple, minmay_misc_feat_columns

Skill      XL: |  1  2  3 |
---------------+----------+-----
Spellcasting   | 2 3 |  3.2
Conjurations   | 1 2 |  2.1
Fire Magic     | 3 |  3.2
Fighting       | |  1.0
Polearms       | |  1.3
Dodging        | |  1.2
Stealth        | |  2.4
Evocations     | |  1.1

Action                   || total
-------------------------++-------
Melee: Spear             ||     6
 Cast: Foxfire           ||   114
 Stab: Sleeping          ||     1
Armor: Robe              ||     1
Dodge: Dodged            ||    10
